cohdb
Replays
Latest Replays
All Replays
Popular Replays
Top Player Replays
Match Explorer
How It Works
Community
CoH3 Stats
Reddit
Sign in to upload your games and track your stats! →
Sign in with Steam
Match 43682257
Unlisted
Match 43682257
Overview
Messages
Build Orders
End
Royal Engineer Section
Construct Section Command Post
Selects Canadian Shock Battlegroup
Selects Canadian Shock Battlegroup
Dingo Light Scout Car
Infantry Section
Infantry Section
Grenade Package
Selects Incendiary Munitions
Infantry Section
Construct Platoon Command Post
Selects Offensive Resupply
Selects Canadian Shock Section
6-pounder Anti-tank Gun Team
Infantry Section
Construct Field Infirmary
Selects Pyrotechnics
Infantry Training
STALKER4732
kit.ohume
Devochkin
[82AD] PaulVmax
Valieriumborn
ValiantHawk
0
0
Comments
sign in to comment!
No comments posted yet!